 Dungeon Crawl Stone Soup version 0.26.1-2-gb8aa6d0cf2 (webtiles) character file.

Game seed: 7386633716704822148

24 Electrofox the Firebug (level 2, -1/20 HPs)
             Began as a Draconian Fire Elementalist on Mar 2, 2021.
             Slain by a giant cockroach (2 damage)
             ... on level 2 of the Dungeon.
             The game lasted 00:06:08 (1131 turns).

Electrofox the Firebug (DrFE)                       Turns: 1131, Time: 00:06:09

Health: -1/20      AC:  4    Str: 10    XL:     2   Next: 79%
Magic:  4/5        EV: 12    Int: 15    God:
Gold:   50         SH:  0    Dex: 11    Spells: 4/5 levels left

rFire    . . .     SeeInvis .   e - +0 dagger
rCold    . . .     Faith    .   (no shield)
rNeg     . . .     Spirit   .   (armour unavailable)
rPois    .         Reflect  .   (helmet restricted)
rElec    .         Harm     .   (no cloak)
rCorr    .         Rampage  .   (no gloves)
Will     .....                  (no boots)
Stlth    ++........             (no amulet)
HPRegen  0.06/turn              (no ring)
MPRegen  0.09/turn              (no ring)

@: no status effects
A: unfitting armour, cold-blooded, AC +4
a: no special abilities


You were on level 2 of the Dungeon.
You visited 1 branch of the dungeon, and saw 2 of its levels.

You collected 50 gold pieces.

Inventory:

Hand Weapons
 a - a +0 hunting sling
 e - a +0 dagger (weapon)
Jewellery
 f - a cursed amulet of inaccuracy {unknown}
Scrolls
 b - a scroll of identify {unknown}
 d - a scroll of teleportation {unknown}
 g - 2 scrolls of remove curse {unknown}
Potions
 c - 2 potions of heal wounds {unknown}


   Skills:
 - Level 1.7 Dodging
 - Level 1.7 Stealth
 + Level 2.4 Spellcasting
 + Level 1.8 Conjurations
 + Level 3.3 Fire Magic


You had 4 spell levels left.
You knew the following spells:

 Your Spells              Type           Power        Failure   Level
a - Foxfire               Conj/Fire      36%          8%          1

Your spell library contained the following spells:

 Spells                   Type           Power        Failure   Level
 Conjure Flame            Conj/Fire      9%           22%         3
 Inner Flame              Hex/Fire       6%           32%         3
 Sticky Flame             Conj/Fire      9%           58%         4
 Fireball                 Conj/Fire      4%           90%         5


Dungeon Overview and Level Annotations

Branches:
Dungeon (2/15)

Altars:


Innate Abilities, Weirdness & Mutations

Your plain brown scales are hard. (AC +4)
You cannot fit into any form of body armour.
You are cold-blooded and may be slowed by cold attacks.


Message History

You conjure some foxfire!
The foxfire hits the giant cockroach.
The giant cockroach is severely wounded.
The giant cockroach bites you.
* * * LOW HITPOINT WARNING * * *
The giant cockroach bites you but does no damage.
The giant cockroach bites you.
* * * LOW HITPOINT WARNING * * *
The giant cockroach barely misses you.
The giant cockroach bites you but does no damage.
The giant cockroach closely misses you.
You hit the giant cockroach but do no damage.
The giant cockroach bites you but does no damage.
The giant cockroach barely misses you. The giant cockroach bites you.
* * * LOW HITPOINT WARNING * * *
The giant cockroach closely misses you. The giant cockroach misses you.
The giant cockroach bites you but does no damage.
You barely miss the giant cockroach.
The giant cockroach is severely wounded.
The giant cockroach closely misses you. The giant cockroach bites you.
You die...

#... ... ##.### #....#
####B #....# #..BB
########....#########B#!B
#.....##B.............#.B
#.######BB..#########.#..
#.#....B@BB...........##.
#.#.################### #
#.#.# #.#.# #.#.# ######
#.#.# #....# #.#.#
#.####....### #.#.#
#...<.......# ####.#.#
########.......


You could see 6 giant cockroaches.

Vanquished Creatures
  An ooze (D:2)
  A dart slug (D:1)
  3 bats (D:1)
  2 giant cockroaches (D:2)
  3 goblins
  2 hobgoblins (D:1)
  A kobold (D:1)
  A frilled lizard (D:1)
  A rat (D:1)
15 creatures vanquished.

Vanquished Creatures (others)
  5 foxfires
5 creatures vanquished.

Grand Total: 20 creatures vanquished

Notes
Turn   | Place    | Note
-------+----------+-------------------------------------------
     0 | D:1      | Electrofox the Draconian Fire Elementalist began the quest
                  | for the Orb.
     0 | D:1      | Reached XP level 1. HP: 14/14 MP: 3/3
   422 | D:1      | Reached XP level 2. HP: 18/20 MP: 5/5
  1130 | D:2      | HP: 1/20 [giant cockroach (1)]
  1131 | D:2      | Slain by a giant cockroach

Illustrated notes

Levels and vault maps discovered:
D:1:      wheals_arrival_linesprint, layout_loops_ring
D:2:      minmay_roachtagon, layout_basic

Action                   || total
-------------------------++-------
Melee: Club              ||    36
       Unarmed           ||    10
       Tailslap          ||     6
       Dagger            ||    27
 Cast: Foxfire           ||     6
 Stab: Sleeping          ||     1
Armor: Skin              ||    49
Dodge: Dodged            ||    90
